 Dungeon Crawl Stone Soup version 0.27-a0-597-g524d869a0f (webtiles) character file.

Game seed: 7883209415939078641

13860 sahdkjhfkaj the Grappler (level 12, 0/106 HPs)
             Began as a Ghoul Monk on Mar 11, 2021.
             Was a Believer of Ru.
             Slain by an eight-headed hydra (2 damage)
             ... on level 2 of the Lair of Beasts.
             The game lasted 00:13:24 (13955 turns).

sahdkjhfkaj the Grappler (Ghoul Monk)              Turns: 13955, Time: 00:13:25

Health: 0/106      AC: 15    Str: 20    XL:     12   Next: 10%
Magic:  11/11      EV: 11    Int:  5    God:    Ru [**....]
Gold:   595        SH:  6    Dex: 11    Spells: 11/11 levels left

rFire    + . .     SeeInvis .     - Unarmed
rCold    + . .     Faith    .   s - +0 buckler
rNeg     + + +     Spirit   .   r - +2 ring mail {rF+}
rPois    ∞         Reflect  .   v - +1 hat {Stlth+}
rElec    .         Harm     .   C - scarf {repulsion}
rCorr    .         Rampage  .   t - +0 pair of gloves
Will     +....                  c - +0 pair of boots
Stlth    ++........             (no amulet)
HPRegen  0.00/turn              b - ring of willpower
MPRegen  0.12/turn              m - +4 ring of protection

@: about to teleport, repel missiles
A: claws 1, cold resistance 1, negative energy resistance 3, inhibited
regeneration, torment resistance 2, unbreathing 1, inability to use devices
a: Renounce Religion


You were on level 2 of the Lair of Beasts.
You worshipped Ru.
Ru was pleased with you.
You visited 3 branches of the dungeon, and saw 14 of its levels.

You collected 595 gold pieces.

Inventory:

Missiles
 f - 16 boomerangs
 i - 83 poisoned darts (quivered)
 j - 15 javelins
 q - 6 boomerangs of dispersal
Armour
 c - a +0 pair of boots (worn)
 r - a +2 ring mail of fire resistance (worn)
 s - a +0 buckler (worn)
 t - a +0 pair of gloves (worn)
 v - a +1 hat of stealth (worn)
 C - a scarf of repulsion (worn)
Jewellery
 b - a ring of willpower (right hand)
 e - a +6 ring of dexterity
 m - a +4 ring of protection (left hand)
 o - a ring of see invisible
Scrolls
 g - 3 scrolls of amnesia
 p - 2 scrolls of enchant armour
 B - a scroll of enchant weapon
 E - 2 scrolls of fear
 F - a scroll of fog
 K - 6 scrolls of immolation
 V - a scroll of vulnerability
 X - 2 scrolls of magic mapping {@r4}
 Y - 3 scrolls of teleportation {@r3}
Potions
 d - 2 potions of invisibility {unknown}
 h - 2 potions of brilliance {unknown}
 l - a potion of cancellation {unknown}
 n - 3 potions of curing {unknown}
 u - a potion of might {unknown}
 x - 2 potions of haste {unknown}
 z - 3 potions of flight {unknown}
 A - 5 potions of attraction
 G - 2 potions of ambrosia
 N - 2 potions of heal wounds {@q2}


   Skills:
 - Level 10.0 Fighting
 - Level 2.0 Throwing
 - Level 5.0 Armour
 - Level 2.6 Dodging
 - Level 2.1 Stealth
 - Level 9.0 Shields
 + Level 13.9 Unarmed Combat


You had 11 spell levels left.
You didn't know any spells.
Your spell library was empty.

Dungeon Overview and Level Annotations

Branches:
Dungeon (11/15)            Temple (1/1) D:7            Lair (1/6) D:10
 Spider (0/4) Lair:2          Orc (0/2) D:10

Altars:
Ashenzari
Cheibriados
Dithmenos
Elyvilon
Fedhas
Gozag
Hepliaklqana
Kikubaaqudgha
Makhleb
Nemelex Xobeh
Okawaru
Qazlal
Ru
Sif Muna
Trog
Uskayaw
Vehumet
Wu Jian
Xom
Yredelemnul
Zin
The Shining One

Annotations:
D:11 1 runed translucent door


Innate Abilities, Weirdness & Mutations

You thrive by killing the living.
You are immune to poison.
You have sharp fingernails.
Your flesh is cold resistant. (rC+)
You are immune to negative energy. (rN+++)
You do not regenerate when monsters are visible.
You are immune to unholy pain and torment.
You can survive without breathing.
You cannot study or use magical devices.


Message History

The eight-headed hydra bites you. x2
You hit the eight-headed hydra.
The eight-headed hydra is moderately wounded.
The eight-headed hydra bites you. x2
You barely miss the eight-headed hydra.
The eight-headed hydra is moderately wounded.
You hit the eight-headed hydra.
The eight-headed hydra is heavily wounded.
The eight-headed hydra bites you. The eight-headed hydra bites you!
* * * LOW HITPOINT WARNING * * *
You hit the eight-headed hydra.
The eight-headed hydra is heavily wounded.
The eight-headed hydra bites you.
* * * LOW HITPOINT WARNING * * *
The eight-headed hydra bites you!
* * * LOW HITPOINT WARNING * * *
The eight-headed hydra bites you.
* * * LOW HITPOINT WARNING * * *
The eight-headed hydra bites you.
* * * LOW HITPOINT WARNING * * *
Unknown command.
You hit the eight-headed hydra.
The eight-headed hydra is heavily wounded.
Unknown command.
You hit the eight-headed hydra.
The eight-headed hydra is heavily wounded.
The eight-headed hydra bites you.
* * * LOW HITPOINT WARNING * * *
Unknown command.
You cannot evoke magical items.
As you read the scroll of teleportation {@r3}, it crumbles to dust.
You feel strangely unstable. The eight-headed hydra bites you.
* * * LOW HITPOINT WARNING * * *
The eight-headed hydra bites you.
* * * LOW HITPOINT WARNING * * *
The eight-headed hydra bites you!
* * * LOW HITPOINT WARNING * * *
The eight-headed hydra bites you.
You die...

...#### ..........# ####
..........########..##
...........##.......# #
...........##......# ..
#......#.P##......#
..#.#......#...#....†.####
...............#......+..##
#......D@#...#.......#..#
...........#...+......###..
....#.#.#.####.#......# ###
...#.###### ##.......# # +
#.. ##PP#+.## # ..#
####.... .#. ...#+# . ....
.


You could see an eight-headed hydra.

Vanquished Creatures
  Gastronok (D:9)
  A hydra (Lair:2)
  A two-headed ogre (D:10)
  A manticore (D:11)
  A centaur skeleton (D:10)
  2 cane toads
  2 komodo dragons
  A rime drake (Lair:2)
  2 jumping spiders (Lair:2)
  A troll (D:10)
  A hornet (D:10)
  A shadow (D:11)
  2 redbacks (Lair:2)
  14 yaks
  A steam dragon (D:10)
  4 water moccasins
  Duvessa (D:4)
  2 ogres
  A necrophage (D:7)
  2 orc warriors
  2 sky beasts
  2 ice beasts
  4 wolves (Lair:2)
  6 centaurs
  2 phantoms
  12 bullfrogs
  A scorpion (D:4)
  Dowan (D:4)
  8 killer bees
  14 wights
  3 howler monkeys
  2 electric eels (Lair:2)
  A bullfrog zombie (D:8)
  9 hounds
  A jelly (D:10)
  2 bullfrog skeletons
  11 orc priests
  5 iguanas
  9 orc wizards
  7 worker ants
  A worker ant zombie (D:6)
  12 gnolls
  2 adders
  A shadow imp (D:6)
  6 white imps
  An ufetubus (D:9)
  An ooze (D:3)
  2 adder zombies (D:5)
  2 adder skeletons
  4 worms
  6 leopard geckos
  62 orcs
  3 giant cockroaches
  8 goblins
  5 hobgoblins
  5 jackals
  8 kobolds
  7 quokkas
  A ball python (D:2)
  6 bats
  7 frilled lizards
  A quokka skeleton (D:5)
  8 rats
303 creatures vanquished.

Vanquished Creatures (others)
  An ogre (D:9)
  A killer bee (D:10)
  A bat (D:2)
  A fungus (Lair:2)
  3 plants
7 creatures vanquished.

Grand Total: 310 creatures vanquished

Notes
Turn   | Place    | Note
-------+----------+-------------------------------------------
     0 | D:1      | sahdkjhfkaj the Ghoul Monk began the quest for the Orb.
     0 | D:1      | Reached XP level 1. HP: 19/19 MP: 0/0
   117 | D:1      | Reached XP level 2. HP: 23/26 MP: 1/1
   225 | D:1      | Reached skill level 4 in Unarmed Combat
   580 | D:1      | You fall into a shaft and drop 1 floor!
   654 | D:2      | Reached XP level 3. HP: 31/31 MP: 2/2
  1416 | D:2      | Reached skill level 5 in Unarmed Combat
  1723 | D:3      | Reached XP level 4. HP: 37/38 MP: 3/3
  2100 | D:3      | Found a faded altar of an unknown god.
  2122 | D:3      | Reached skill level 6 in Unarmed Combat
  2224 | D:3      | Reached XP level 5. HP: 39/45 MP: 4/4
  2820 | D:4      | Found a shimmering altar of Xom.
  2823 | D:4      | Found a shimmering altar of Xom.
  2823 | D:4      | Found a shimmering altar of Xom.
  2826 | D:4      | Found a shimmering altar of Xom.
  2868 | D:4      | Reached skill level 5 in Fighting
  2868 | D:4      | Reached XP level 6. HP: 56/56 MP: 5/5
  2877 | D:4      | Noticed Duvessa
  2884 | D:4      | Noticed Dowan
  3136 | D:4      | Reached skill level 7 in Unarmed Combat
  3280 | D:4      | Reached XP level 7. HP: 51/62 MP: 6/6
  3888 | D:4      | Found a shimmering altar of Xom.
  3889 | D:4      | Found a shimmering altar of Xom.
  3889 | D:4      | Found a shimmering altar of Xom.
  3890 | D:4      | Found a shimmering altar of Xom.
  3895 | D:4      | Killed Duvessa
  3907 | D:4      | Killed Dowan
  3974 | D:5      | Entered Level 5 of the Dungeon
  3975 | D:5      | Found an opulent altar of Gozag.
  3980 | D:5      | Found an iron altar of Okawaru.
  4053 | D:5      | Found a stormy altar of Qazlal.
  4273 | D:5      | Found a hide-covered altar of Uskayaw.
  4385 | D:5      | Reached skill level 8 in Unarmed Combat
  4385 | D:5      | Reached XP level 8. HP: 64/70 MP: 7/7
  4799 | D:5      | Found a basalt altar of Yredelemnul.
  4800 | D:5      | Found a sacrificial altar of Ru.
  4816 | D:5      | Became a worshipper of Ru the Awakened
  4844 | D:5      | Gained mutation: You cannot study or use magical devices.
                  | [Ru sacrifice]
  4844 | D:5      | Reached * piety under Ru
  4844 | D:5      | Reached ** piety under Ru
  4910 | D:6      | Found a hazy altar of Hepliaklqana.
  4911 | D:6      | Found a shimmering altar of Xom.
  4912 | D:6      | Noticed a spectral ugly thing
  4912 | D:6      | Noticed a death ooze
  5175 | D:6      | Identified the +0 scale mail "Wadec" {rElec rPois SInv}
  5234 | D:6      | Reached skill level 9 in Unarmed Combat
  6188 | D:7      | Found a staircase to the Ecumenical Temple.
  6207 | Temple   | Entered the Ecumenical Temple
  6482 | D:7      | Reached XP level 9. HP: 54/82 MP: 8/8
  6797 | D:7      | Reached skill level 1 in Throwing
  6939 | D:7      | Found an ornate altar of the Wu Jian Council.
  7572 | D:8      | Reached skill level 10 in Unarmed Combat
  8087 | D:9      | Noticed Gastronok
  8131 | D:8      | Reached skill level 11 in Unarmed Combat
  8355 | D:8      | Reached XP level 10. HP: 38/91 MP: 9/9
  8976 | D:9      | Killed Gastronok
  8977 | D:9      | Reached skill level 13 in Unarmed Combat
  9354 | D:9      | Reached skill level 10 in Fighting
  9559 | D:9      | Noticed a hell beast
  9560 | D:9      | Found a basalt altar of Yredelemnul.
  9560 | D:9      | Noticed a rust devil
  9560 | D:9      | Noticed a rust devil
 10135 | D:10     | Entered Level 10 of the Dungeon
 10145 | D:10     | Reached skill level 5 in Armour
 10174 | D:10     | Reached skill level 1 in Shields
 10255 | D:10     | Noticed a two-headed ogre
 10282 | D:10     | Killed a two-headed ogre
 10283 | D:10     | Reached XP level 11. HP: 25/99 MP: 10/10
 10593 | D:10     | Found a blossoming altar of Fedhas.
 10615 | D:10     | Found a staircase to the Lair.
 11205 | D:10     | Found a staircase to the Orcish Mines.
 11218 | D:10     | Reached skill level 5 in Shields
 11354 | D:11     | Noticed a manticore
 11363 | D:11     | Found a runed translucent door.
 11364 | D:11     | Noticed a boulder beetle
 11375 | D:11     | Killed a manticore
 11376 | D:11     | Noticed a sphinx
 11382 | D:11     | Noticed a six-headed hydra
 11395 | D:11     | Identified the +2 robe of the Inquisitive Hells {rN+ Int+4}
 11395 | D:11     | Noticed an ogre mage
 11408 | D:11     | Noticed a red ugly thing
 12243 | Lair:1   | Entered Level 1 of the Lair of Beasts
 12517 | Lair:1   | You fall into a shaft and drop 1 floor!
 12829 | Lair:2   | Noticed a four-headed hydra
 12841 | Lair:2   | Killed a four-headed hydra
 13163 | Lair:2   | Found a hole to the Spider Nest.
 13531 | Lair:2   | Reached XP level 12. HP: 38/106 MP: 11/11
 13938 | Lair:2   | Noticed an eight-headed hydra
 13955 | Lair:2   | HP: 2/106 [eight-headed hydra (12)]
 13955 | Lair:2   | Slain by an eight-headed hydra

Illustrated notes

Levels and vault maps discovered:
D:1:      eino_arrival_cavern_e, layout_basic
D:2:      layout_rooms, chequers_serial_rivers_small_a, elyvilon_altar_4
D:3:      layout_basic, marbit_many_paths,
          chequers_ecumenical_altar_simple_redux
D:4:      layout_cave_pools, xom_redecorated, uniq_duvessa
D:5:      layout_loops_ring, grunt_temple_overflow_open,
          gammafunk_temple_overflow_pools
D:6:      layout_basic, regret_index_temple_of_mockery, kennysheep_mini_moat
D:7:      layout_cave_pools, lemuel_crystal_altar,
          minmay_temple_entry_gardened_gates
D:8:      layout_gridville, minmay_door_square
D:9:      layout_long_grid, lemuel_hellish_altar, uniq_gastronok
D:10:     layout_loops_ring, lair_entry_dummy, hiddenorc1_lemuel, basic_altar
D:11:     layout_irregular_city, minmay_st_funbox, grunt_tough_drop
Temple:   cyrus_temple_forest
Lair:1:   layout_roguey, cheibrodos_lair_caveside_slide, serial_bayou_shore_b,
          grunt_megastairs_2
Lair:2:   layout_roguey, spider_nest_entry_a, minmay_lair_oklob_chamber,
          grunt_megastairs_1, serial_bayou_shore_a, infiniplex_staircase_pool,
          serial_bayou_shore_b

Skill      XL: |  1  2  3  4  5  6  7  8  9 10 11 |
---------------+----------------------------------+-----
Unarmed Combat | 4 5 6 7 8 9 11 13 | 13.9
Fighting       | 5 6 8 9 10 | 10.0
Armour         | 3 5 |  5.0
Throwing       | 2 |  2.0
Shields        | 3 9 |  9.0
Dodging        | |  2.6
Stealth        | |  2.1

Action                   |  1- 3 |  4- 6 |  7- 9 | 10-12 || total
-------------------------+-------+-------+-------+-------++-------
Melee: Unarmed           |   131 |   125 |   472 |   561 ||  1289
       Punch             |     2 |     3 |     5 |       ||    10
Throw: Dart              |       |       |       |     7 ||     7
       Javelin           |       |       |       |     4 ||     4
Invok: Sacrifice Artific |       |       |     1 |       ||     1
       Reject Sacrifices |       |       |     1 |       ||     1
  Use: Scroll            |     5 |     2 |       |     9 ||    16
 Stab: Sleeping          |     7 |     3 |       |     2 ||    12
       Invisible         |       |       |     1 |     1 ||     2
       Distracted        |       |       |       |     1 ||     1
Armor: Robe              |    10 |       |       |       ||    10
       Leather armour    |    15 |    42 |    12 |       ||    69
       Ring mail         |       |       |   196 |   243 ||   439
Dodge: Dodged            |    64 |    66 |   228 |   252 ||   610
       Repelled          |       |       |       |     2 ||     2
Block: Buckler           |       |       |    37 |   130 ||   167

Table legend: (Time is in decaauts)
 A = Elapsed time spent in this place.
 B = Non-inter-level travel time spent in this place.
 C = Inter-level travel time spent in this place.
 D = Time resting spent in this place.
 E = Time spent auto-exploring this place.
 F = Levels seen in this place.
 G = Mean time per level.
                   A        B        C        D        E       F      G
               +--------+--------+--------+--------+--------+-----+--------+
         Total |  13770 |  13242 |    528 |    493 |  10553 |  14 |  983.6 |
       Dungeon |  12017 |  11529 |    488 |    493 |   9103 |  11 | 1092.5 |
        Temple |     84 |     44 |     40 |      0 |     44 |   1 |   84.0 |
          Lair |   1669 |   1669 |      0 |      0 |   1406 |   2 |  834.5 |
               +--------+--------+--------+--------+--------+-----+--------+

Top non-repeatable levels by time:
     D:8: 1882 daAuts
    D:10: 1504 daAuts
  Lair:2: 1400 daAuts
     D:4: 1212 daAuts
     D:9: 1178 daAuts
     D:6: 1162 daAuts
     D:3: 1159 daAuts
     D:1: 1062 daAuts
     D:7: 909 daAuts
     D:5: 885 daAuts
    D:11: 546 daAuts
     D:2: 514 daAuts
  Lair:1: 268 daAuts
  Temple: 84 daAuts
